 Dungeon Crawl Stone Soup version 0.30-a0-879-ga8ba668304 (webtiles) character file.

Game seed: 17856410580659640469

71 Newt the Shooter (level 4, 0/30 HPs)
             Began as a Kobold Hunter on Mar 13, 2023.
             Slain by an adder (2 damage)
             ... on level 3 of the Dungeon.
             The game lasted 00:02:29 (1713 turns).

Newt the Shooter (Kobold Hunter)                    Turns: 1713, Time: 00:02:29

Health: 0/30       AC:  4    Str:  8    XL:     4   Next: 47%
Magic:  4/4        EV: 14    Int: 10    God:
Gold:   158        SH:  0    Dex: 20    Spells: 3/3 levels left

rFire   . . .      SeeInvis .    a - +1 shortbow
rCold   . . .      Faith    .    (shield currently unavailable)
rNeg    . . .      Spirit   .    c - +1 leather armour
rPois   .          Reflect  .    (no helmet)
rElec   .          Rampage  .    (no cloak)
rCorr   .                        (no gloves)
Will    .....                    (no boots)
Stlth   +++                      (no amulet)
HPRegen 0.25/turn                (no ring)
MPRegen 0.09/turn                (no ring)

@: flying
A: small, no large weapons, nightstalker 3
a: no special abilities


You were on level 3 of the Dungeon.
You visited 1 branch of the dungeon, and saw 3 of its levels.

You collected 158 gold pieces.

Inventory:

Hand Weapons
 a - a +1 shortbow (weapon)
Armour
 c - a +1 leather armour (worn)
Jewellery
 e - an amulet of magic regeneration
 g - a ring of resist corrosion
Scrolls
 b - a scroll of immolation
 r - a scroll of magic mapping {unknown}
Potions
 d - a potion of haste {unknown}
 f - a potion of flight
 h - a potion of heal wounds {unknown}
 j - 3 potions of curing {unknown}
 m - a potion of mutation {unknown}
 n - 2 potions of brilliance {unknown}


   Skills:
 + Level 4.8 Fighting
 - Level 5.3 Ranged Weapons
 - Level 2.4 Dodging
 - Level 1.3 Stealth


You had 3 spell levels left.
You didn't know any spells.
Your spell library was empty.

Dungeon Overview and Level Annotations

Branches:
Dungeon (3/15)

Altars:

Shops:
D:2 [


Innate Abilities, Weirdness & Mutations

You are small and have problems with some larger weapons.
You are completely attuned to the shadows.


Message History

You are too confused!
You are too confused!
There are monsters nearby!
There are monsters nearby!
You are too confused!
Unknown command.
You are too confused!
Unknown command.
You bump into the rock wall.
The orc wizard misses you. The adder misses you.
Unknown command.
The adder bites you but does no damage.
You're too confused to move!
The adder closely misses you.
You're too confused to move!
The adder bites you. The adder bites you but does no damage.
Unknown command.
The orc attacks as you move away! The orc hits you with a +0 club.
You feel less confused.
The orc wizard gestures at you while chanting.
The magic dart hits you!
You shoot an arrow. The arrow hits the orc!
You kill the orc!
The adder barely misses you. The adder bites you.
Unknown command.
You shoot an arrow. The arrow closely misses the adder.
The adder barely misses you.
The orc wizard points at you and mumbles some strange words.
The puff of flame hits you!
* * * LOW HITPOINT WARNING * * *
Unknown command.
You shoot an arrow.
The arrow closely misses the orc wizard.
The adder barely misses you.
The orc wizard hits you with a +0 dagger.
* * * LOW HITPOINT WARNING * * *
The adder misses you.
Unknown command.
It was a potion of flight.
You feel very buoyant.
You fly up into the air.
The adder bites you.
You die...

.#######.# #.........
#....<.... #).........#
#.. #..........# ####.#
##..........# .....#
#.......>...#
...$<#####............#
#.#.o@........b...####
#...S.............#
).......#.....^....#
.†..###.#......|.b.#
#..# #.#..........# #.
#.##........##
............##
###..........#
#.....>.....#


You could see an orc wizard and an adder.

Vanquished Creatures
  An adder (D:2)
  2 worms (D:2)
  A dart slug (D:1)
  2 orcs (D:3)
  5 ball pythons
  8 endoplasms
  2 giant cockroaches (D:1)
  3 goblins
  5 hobgoblins
  6 kobolds
  A quokka (D:3)
  5 bats
  3 frilled lizards (D:1)
  4 rats
48 creatures vanquished.

Notes
Turn   | Place    | Note
-------+----------+-------------------------------------------
     0 | D:1      | Newt the Kobold Hunter began the quest for the Orb.
     0 | D:1      | Reached XP level 1. HP: 12/12 MP: 1/1
   181 | D:1      | Reached XP level 2. HP: 18/18 MP: 2/2
   628 | D:1      | Reached XP level 3. HP: 23/23 MP: 3/3
   855 | D:1      | Found a faded altar of an unknown god.
  1264 | D:2      | Reached XP level 4. HP: 30/30 MP: 4/4
  1379 | D:2      | Found Liemm's Antique Armour Emporium.
  1712 | D:3      | HP: 1/30 [orc wizard/+0 dagger (4)]
  1713 | D:3      | Slain by an adder

Illustrated notes

Levels and vault maps discovered:
D:1:      wander_arrival_lonely_grave, layout_basic,
          dreamdust_ecumenical_altar_angels_and_demons,
          chequers_serial_rivers_large_a, minmay_hedge_maze
D:2:      layout_rooms, serial_shops, nicolae_shop_waterfront
D:3:      layout_rooms

Skill      XL: |  1  2  3 |
---------------+----------+-----
Fighting       | 3 4 |  4.8
Ranged Weapons | |  5.3
Dodging        | |  2.4
Stealth        | |  1.3

Action                     |  1- 3 |  4- 6 || total
---------------------------+-------+-------++-------
   Fire: Shortbow          |    77 |    41 ||   118
    Use: Scroll            |       |     7 ||     7
         Potion            |       |     1 ||     1
 Armour: Leather armour    |    16 |     8 ||    24
  Dodge: Dodged            |    35 |    25 ||    60

Table legend: (Time is in decaauts)
 A = Elapsed time spent in this place.
 B = Non-inter-level travel time spent in this place.
 C = Inter-level travel time spent in this place.
 D = Time resting spent in this place.
 E = Time spent auto-exploring this place.
 F = Levels seen in this place.
 G = Mean time per level.
                   A        B        C        D        E       F      G
               +--------+--------+--------+--------+--------+-----+--------+
         Total |   1750 |   1697 |     53 |    162 |   1275 |   3 |  583.3 |
       Dungeon |   1750 |   1697 |     53 |    162 |   1275 |   3 |  583.3 |
               +--------+--------+--------+--------+--------+-----+--------+

Top non-repeatable levels by time:
     D:1: 1140 daAuts
     D:2: 515 daAuts
     D:3: 93 daAuts
